3AA
SAN ANTONIO BC @ WESTWOOD SIXSHOOTERS
09/05/2033
 
TOP OF THE 1ST
San Antonio BC batting - Pitching for Westwood Sixshooters : RHP David Lister
Pitching: RHP David Lister
Batting: RHB Mike Howard 0-0: Ball
1-0: Ball
2-0: Called Strike
2-1: Foul Ball, location: 2F
2-2: Fly out, F5 (Popup, 56)
Batting: RHB Ben Hampton 0-0: Ball
1-0: Called Strike
1-1: Ball
2-1: Ball
3-1: Single, Error in OF, E8, batter to second base
Batting: RHB Angeddy Almanzar 0-0: Foul Ball, location: 2F
0-1: Ball
1-1: Swinging Strike
1-2: Strikes out swinging
Batting: RHB Chet Mathis 0-0: Called Strike
0-1: SINGLE (Line Drive, 78S)
Ben Hampton to third
Runner from 3rd tries for Home, SAFE, throw made home
Batting: RHB Renato Lavado 0-0: Called Strike
Chet Mathis steals 2nd base
0-1: Swinging Strike
0-2: Ball
1-2: SINGLE (Line Drive, 3D)
Chet Mathis to third
Runner from 3rd tries for Home, SAFE, no throw
Batting: LHB Pablo Morales 0-0: Ball
Throwing error on steal attempt, E2
Renato Lavado to third
1-0: Foul Ball, location: 2F
1-1: Foul Ball, location: 2F
1-2: Fly out, F6 (Popup, P)
Top of the 1st over - 2 runs, 3 hits, 2 errors, 1 left on base; San Antonio 2 - Westwood 0
BOTTOM OF THE 1ST
Westwood Sixshooters batting - Pitching for San Antonio BC : RHP Nolan Howard
Pitching: RHP Nolan Howard
Batting: LHB António Quintero 0-0: Called Strike
0-1: Ball
1-1: Fly out, F7 (Line Drive, 78S)
Batting: SHB Julián Valentín 0-0: Ball
1-0: Foul Ball, location: 2F
1-1: Ball
2-1: Ball
3-1: Ground out 1-3 (Groundball, P)
Batting: SHB Júlio Morín Jr. 0-0: Ball
1-0: Called Strike
1-1: Ball
2-1: Fly out, F9 (Flyball, 9S)
Bottom of the 1st over - 0 runs, 0 hits, 0 errors, 0 left on base; San Antonio 2 - Westwood 0
TOP OF THE 2ND
San Antonio BC batting - Pitching for Westwood Sixshooters : RHP David Lister
Batting: RHB Ramón Robles 0-0: Ball
1-0: Fly out, F9 (Flyball, 9S)
Batting: RHB Brodie Floyd 0-0: Foul Ball, location: 2F
0-1: Ball
1-1: Ball
2-1: Ball
3-1: Foul Ball, location: 2F
3-2: Foul Ball, location: 2F
3-2: Foul Ball, location: 2F
3-2: SINGLE (Popup, 5D)
Batting: LHB Peter Ough 0-0: Foul Ball, location: 2F
0-1: Foul Ball, location: 2F
0-2: Ball
1-2: Fielders Choice at 2nd, 3-6 (Groundball, 3)
Batting: RHB Mike Howard 0-0: Ball
1-0: Ball
2-0: Ball
3-0: Called Strike
3-1: Base on Balls
Peter Ough to second
Batting: RHB Ben Hampton 0-0: Ground out U3 (Groundball, 34S)
Top of the 2nd over - 0 runs, 1 hit, 0 errors, 2 left on base; San Antonio 2 - Westwood 0
BOTTOM OF THE 2ND
Westwood Sixshooters batting - Pitching for San Antonio BC : RHP Nolan Howard
Batting: RHB Loren Stallings 0-0: Swinging Strike
0-1: Ball
1-1: SINGLE (Groundball, 6MS) (infield hit)
Batting: LHB Mitchell Cusimano 0-0: Ball
1-0: Ball
2-0: SINGLE (Groundball, 4MD)
Loren Stallings to second
Batting: LHB Phil Minor 0-0: Ball
1-0: Ball
2-0: Ball
3-0: Called Strike
3-1: Base on Balls
Loren Stallings to third
Mitchell Cusimano to second
Batting: SHB Paul Maddox 0-0: Ball
1-0: Ball
2-0: Called Strike
2-1: Swinging Strike
2-2: Foul Ball, location: 2F
2-2: Ball
3-2: Base on Balls
Loren Stallings scores
Mitchell Cusimano to third
Phil Minor to second
Batting: RHB Domingo Bravo 0-0: Grounds into fielders choice 2-2 (Groundball, 15S)
Phil Minor to third
Paul Maddox to second
Batting: LHB Lorenzo Díaz 0-0: Foul Ball, location: 2F
0-1: Ball
1-1: Foul Ball, location: 2F
1-2: Foul Ball, location: 2F
1-2: Ball
2-2: Strikes out swinging
Batting: LHB António Quintero 0-0: Ball
1-0: Ball
2-0: SINGLE (Flyball, 9S)
Phil Minor scores
Paul Maddox to third
Domingo Bravo to second
Batting: SHB Julián Valentín 0-0: Ball
1-0: Ground out 1-3 (Groundball, P)
Bottom of the 2nd over - 2 runs, 3 hits, 0 errors, 3 left on base; San Antonio 2 - Westwood 2
TOP OF THE 3RD
San Antonio BC batting - Pitching for Westwood Sixshooters : RHP David Lister
Batting: RHB Angeddy Almanzar 0-0: Ball
1-0: Fly out, F7 (Flyball, 7LS)
Batting: RHB Chet Mathis 0-0: Called Strike
0-1: Ball
1-1: Foul Ball, location: 2F
1-2: Ball
2-2: Foul Ball, location: 2F
2-2: SOLO HOME RUN (Flyball, 7LD), Distance : 367 ft
Batting: RHB Renato Lavado 0-0: Ball
1-0: Called Strike
1-1: SINGLE (Groundball, 6) (infield hit)
Batting: LHB Pablo Morales 0-0: Ball
1-0: Ball
2-0: Ball
3-0: Called Strike
3-1: Foul Ball, location: 2F
3-2: Base on Balls
Renato Lavado to second
Batting: RHB Ramón Robles 0-0: Ball
1-0: Called Strike
1-1: Called Strike
1-2: Strikes out swinging
Batting: RHB Brodie Floyd 0-0: SINGLE (Groundball, 6MD)
Renato Lavado to third
Pablo Morales to second
Runner from 3rd tries for Home, SAFE, no throw
Batting: LHB Peter Ough 0-0: Foul Ball, location: 2F
0-1: Swinging Strike
0-2: Foul Ball, location: 2F
0-2: Ball
1-2: Strikes out swinging
Top of the 3rd over - 2 runs, 3 hits, 0 errors, 2 left on base; San Antonio 4 - Westwood 2
BOTTOM OF THE 3RD
Westwood Sixshooters batting - Pitching for San Antonio BC : RHP Nolan Howard
Batting: SHB Júlio Morín Jr. 0-0: Ball
1-0: Ball
2-0: SINGLE (Groundball, 6MD)
Batting: RHB Loren Stallings 0-0: Ball
1-0: Ball
2-0: Foul Ball, location: 2F
2-1: DOUBLE (Line Drive, 7LS)
Júlio Morín Jr. to third
Batting: LHB Mitchell Cusimano 0-0: Ball
1-0: Called Strike
1-1: Swinging Strike
1-2: Ground out 5-3 (Groundball, 5)
Batting: LHB Phil Minor 0-0: Ball
1-0: Foul Ball, location: 2F
1-1: Fly out, F8 (Flyball, 8LD)
Runner from 3rd tags up, SCORES, throw made
Batting: SHB Paul Maddox 0-0: Fly out, F8 (Flyball, 89S)
Bottom of the 3rd over - 1 run, 2 hits, 0 errors, 1 left on base; San Antonio 4 - Westwood 3
TOP OF THE 4TH
San Antonio BC batting - Pitching for Westwood Sixshooters : RHP David Lister
Batting: RHB Mike Howard 0-0: Called Strike
0-1: Ball
1-1: SINGLE (Groundball, 6MD)
Batting: RHB Ben Hampton 0-0: Called Strike
0-1: Fielders Choice at 2nd, 4-6 (Groundball, 4)
Batting: RHB Angeddy Almanzar 0-0: Foul Ball, location: 2F
0-1: Ball
1-1: Ball
2-1: Ball
3-1: Base on Balls
Ben Hampton to second
Batting: RHB Chet Mathis 0-0: Ball
Ben Hampton steals 3rd base
Angeddy Almanzar to second
1-0: Swinging Strike
1-1: Ball
2-1: Swinging Strike
2-2: Ball
3-2: Ground out 5-3 (Groundball, 56S)
Ben Hampton scores
Angeddy Almanzar to third
Batting: RHB Renato Lavado 0-0: Called Strike
0-1: Swinging Strike
0-2: Ball
1-2: Foul Ball, location: 2F
1-2: Ball
2-2: Ball
3-2: Fly out, F9 (Flyball, 89S)
Top of the 4th over - 1 run, 1 hit, 0 errors, 1 left on base; San Antonio 5 - Westwood 3
BOTTOM OF THE 4TH
Westwood Sixshooters batting - Pitching for San Antonio BC : RHP Nolan Howard
Batting: RHB Domingo Bravo 0-0: Called Strike
0-1: SINGLE (Line Drive, 34D)
Batting: LHB Lorenzo Díaz 0-0: Ball
1-0: Called Strike
1-1: Grounds into double play, 6-4-3 (Groundball, 6)
Batting: LHB António Quintero 0-0: Ball
1-0: Ball
2-0: Foul Ball, location: 2F
2-1: Swinging Strike
2-2: Ground out 4-3 (Groundball, 4)
Bottom of the 4th over - 0 runs, 1 hit, 0 errors, 0 left on base; San Antonio 5 - Westwood 3
TOP OF THE 5TH
San Antonio BC batting - Pitching for Westwood Sixshooters : RHP David Lister
Batting: LHB Pablo Morales 0-0: Ball
1-0: Ball
2-0: Called Strike
2-1: Ball
3-1: Base on Balls
Batting: RHB Ramón Robles 0-0: Sac Bunt - play at first, batter OUT! 2-3
Pablo Morales to second
Batting: RHB Brodie Floyd 0-0: Swinging Strike
0-1: Foul Ball, location: 2F
0-2: Foul Ball, location: 2F
0-2: SINGLE (Flyball, 56D)
Pablo Morales to third
Pitching: RHP Alfonso Santa Maria
Batting: LHB Peter Ough 0-0: Ball
1-0: Ball
2-0: Ball
3-0: Called Strike
3-1: Grounds into double play, 4-6-3 (Groundball, 4)
Top of the 5th over - 0 runs, 1 hit, 0 errors, 1 left on base; San Antonio 5 - Westwood 3
BOTTOM OF THE 5TH
Westwood Sixshooters batting - Pitching for San Antonio BC : RHP Nolan Howard
Batting: SHB Julián Valentín 0-0: Called Strike
0-1: Ball
1-1: Ground out 5-3 (Groundball, 56)
Batting: SHB Júlio Morín Jr. 0-0: Called Strike
0-1: Ball
1-1: Ball
2-1: Ball
3-1: SINGLE (Flyball, 78M)
Batting: RHB Loren Stallings 0-0: Called Strike
0-1: Ball
1-1: Foul Ball, location: 2F
1-2: Ball
2-2: Ball
3-2: Fly out, F9 (Line Drive, 9D)
Batting: LHB Mitchell Cusimano 0-0: Ball
Júlio Morín Jr. steals 2nd base
1-0: Called Strike
1-1: SINGLE (Line Drive, 6M)
Júlio Morín Jr. to third
Batting: LHB Phil Minor 0-0: Ball
1-0: Foul Ball, location: 2F
1-1: Called Strike
1-2: Foul Ball, location: 2F
1-2: Foul Ball, location: 2F
1-2: Ball
2-2: Foul Ball, location: 2F
2-2: Foul Ball, location: 2F
2-2: Ball
3-2: Foul Ball, location: 2F
3-2: SINGLE (Line Drive, 89S)
Júlio Morín Jr. scores
Mitchell Cusimano to second
Mitchell Cusimano to third
Batting: SHB Paul Maddox 0-0: Called Strike
0-1: Ball
1-1: Called Strike
1-2: Ball
2-2: Strikes out looking
Bottom of the 5th over - 1 run, 3 hits, 0 errors, 2 left on base; San Antonio 5 - Westwood 4
TOP OF THE 6TH
San Antonio BC batting - Pitching for Westwood Sixshooters : RHP Alfonso Santa Maria
Batting: RHB Mike Howard 0-0: Ball
1-0: Called Strike
1-1: Bunt for hit - play at first, batter OUT! 5-3
Batting: RHB Ben Hampton 0-0: Ball
1-0: Foul Ball, location: 2F
1-1: Swinging Strike
1-2: Ball
2-2: Strikes out swinging
Batting: RHB Angeddy Almanzar 0-0: Ball
1-0: Called Strike
1-1: Fly out, F3 (Flyball, 34D)
Top of the 6th over - 0 runs, 0 hits, 0 errors, 0 left on base; San Antonio 5 - Westwood 4
BOTTOM OF THE 6TH
Westwood Sixshooters batting - Pitching for San Antonio BC : RHP Nolan Howard
Batting: RHB Domingo Bravo 0-0: Called Strike
0-1: Called Strike
0-2: Ball
1-2: Strikes out looking
Batting: LHB Lorenzo Díaz 0-0: Called Strike
0-1: Swinging Strike
0-2: SINGLE (Flyball, 9S)
Batting: LHB António Quintero 0-0: Ground out 3-1 (Groundball, 34)
Lorenzo Díaz to second
Batting: SHB Julián Valentín 0-0: Called Strike
0-1: Ball
1-1: Swinging Strike
1-2: Foul Ball, location: 2F
1-2: Strikes out looking
Bottom of the 6th over - 0 runs, 1 hit, 0 errors, 1 left on base; San Antonio 5 - Westwood 4
TOP OF THE 7TH
San Antonio BC batting - Pitching for Westwood Sixshooters : RHP Alfonso Santa Maria
Batting: RHB Chet Mathis 0-0: Called Strike
0-1: SOLO HOME RUN (Flyball, 7D), Distance : 373 ft
Batting: RHB Renato Lavado 0-0: Ball
1-0: Ball
2-0: Ball
3-0: Base on Balls
Batting: LHB Pablo Morales 0-0: Ball
1-0: Swinging Strike
1-1: Ball
2-1: Ground out 4-3 (Groundball, 34)
Renato Lavado to second
Batting: RHB Ramón Robles 0-0: Ball
Renato Lavado steals 3rd base
1-0: Ball
2-0: Foul Ball, location: 2F
2-1: Ball
3-1: Foul Ball, location: 2F
3-2: Foul Ball, location: 2F
3-2: Strikes out swinging
Batting: RHB Brodie Floyd 0-0: Fly out, F7 (Flyball, 7LS)
Top of the 7th over - 1 run, 1 hit, 0 errors, 1 left on base; San Antonio 6 - Westwood 4
BOTTOM OF THE 7TH
Westwood Sixshooters batting - Pitching for San Antonio BC : RHP Nolan Howard
Batting: SHB Júlio Morín Jr. 0-0: Fly out, F8 (Flyball, 89D)
Batting: RHB Loren Stallings 0-0: Foul Ball, location: 2F
0-1: Fly out, F3 (Popup, 3SF)
Batting: LHB Mitchell Cusimano 0-0: Ball
1-0: Ball
2-0: Ground out 1-3 (Groundball, 13)
Bottom of the 7th over - 0 runs, 0 hits, 0 errors, 0 left on base; San Antonio 6 - Westwood 4
TOP OF THE 8TH
San Antonio BC batting - Pitching for Westwood Sixshooters : RHP Alfonso Santa Maria
Batting: LHB Peter Ough 0-0: Ball
1-0: Called Strike
1-1: Foul Ball, location: 2F
1-2: Ball
2-2: Ball
3-2: SOLO HOME RUN (Flyball, 9LD), Distance : 341 ft
Batting: RHB Mike Howard 0-0: Called Strike
0-1: Ball
1-1: Ground out 6-3 (Groundball, 6)
Batting: RHB Ben Hampton 0-0: Called Strike
0-1: Foul Ball, location: 2F
0-2: Strikes out swinging
Batting: RHB Angeddy Almanzar 0-0: Fly out, F9 (Flyball, 9LMF)
Top of the 8th over - 1 run, 1 hit, 0 errors, 0 left on base; San Antonio 7 - Westwood 4
BOTTOM OF THE 8TH
Westwood Sixshooters batting - Pitching for San Antonio BC : RHP Nolan Howard
Pitching: RHP Pete Venegas
Batting: LHB Phil Minor 0-0: Foul Ball, location: 2F
0-1: Ball
1-1: Foul Ball, location: 2F
1-2: Ball
2-2: DOUBLE (Line Drive, 9LM)
Batting: SHB Paul Maddox 0-0: Called Strike
0-1: Swinging Strike
0-2: Ball
1-2: Strikes out swinging
Batting: RHB Domingo Bravo 0-0: Called Strike
0-1: Called Strike
0-2: Foul Ball, location: 2F
0-2: Ball
1-2: Foul Ball, location: 2F
1-2: Foul Ball, location: 2F
1-2: Fly out, F9 (Flyball, 9)
Batting: LHB Lorenzo Díaz 0-0: Ball
1-0: Ball
2-0: Ball
3-0: Called Strike
3-1: Fly out, F7 (Flyball, 78M)
Bottom of the 8th over - 0 runs, 1 hit, 0 errors, 1 left on base; San Antonio 7 - Westwood 4
TOP OF THE 9TH
San Antonio BC batting - Pitching for Westwood Sixshooters : RHP Alfonso Santa Maria
Batting: RHB Chet Mathis 0-0: Foul Ball, location: 2F
0-1: Ball
1-1: Ball
2-1: Ball
3-1: Base on Balls
Pitching: RHP Jin Kwon
Batting: RHB Renato Lavado 0-0: Called Strike
Throwing error on steal attempt, E2
Chet Mathis to third
0-1: Swinging Strike
0-2: Ball
Wild Pitch!
Chet Mathis scores
1-2: Strikes out looking
Batting: LHB Pablo Morales 0-0: Called Strike
0-1: Swinging Strike
0-2: Strikes out swinging
Batting: RHB Ramón Robles 0-0: Called Strike
0-1: SINGLE (Line Drive, 56D)
Batting: RHB Brodie Floyd 0-0: Swinging Strike
0-1: Ball
1-1: Swinging Strike
1-2: Foul Ball, location: 2F
1-2: Strikes out swinging
Top of the 9th over - 1 run, 1 hit, 1 error, 1 left on base; San Antonio 8 - Westwood 4
BOTTOM OF THE 9TH
Westwood Sixshooters batting - Pitching for San Antonio BC : RHP Pete Venegas
Batting: LHB António Quintero 0-0: Swinging Strike
0-1: Ground out 4-3 (Groundball, 4)
Batting: SHB Julián Valentín 0-0: Foul Ball, location: 2F
0-1: Foul Ball, location: 2F
0-2: Ball
1-2: Ground out 4-3 (Groundball, 4M)
Batting: SHB Júlio Morín Jr. 0-0: Foul Ball, location: 2F
0-1: Called Strike
0-2: Ball
1-2: Ball
2-2: Ball
3-2: Ground out 4-3 (Groundball, 4)
Bottom of the 9th over - 0 runs, 0 hits, 0 errors, 0 left on base; San Antonio 8 - Westwood 4
Saturday, December 22nd, 2018 - OOTP Baseball 18.8 Build 76